Map: Tours du crépuscule

Players

zidar

  • Race: Zerg Zerg
  • League: Silver
  • Spawn Location: 1:00

Alex - Winner!

  • Race: Zerg Zerg
  • League: Silver
  • Spawn Location: 7:00

VOD

Have the link to the VOD?

Description

Time

  • Played on: Feb. 9, 2016, 3:23 p.m.
  • Length: 2:24
Show
View Real Time Build Order
Export as new Build Order

zidar Zerg 

Build Orders: Pool Only 

Get SALT Encoding   

  12  0:19  Spawning Pool  
  11  0:31  Overlord  
  11  0:36  Drone  
  12  1:08  Zergling x6  
  15  1:15  Queen  
  17  1:20  Zergling x2  
  18  1:37  Zergling x2  
  19  1:42  Zergling x2  
  20  1:55  Zergling x2  
Show
View Real Time Build Order
Export as new Build Order

Alex Zerg - Winner!

Build Orders: Pool Only 

Get SALT Encoding   

  12  0:02  Drone  
  13  0:07  Drone  
  14  0:17  Overlord  
  14  0:35  Spawning Pool  
  13  0:38  Drone  
  14  0:44  Drone  
  14  0:47  Drone  
  16  0:51  Drone  
  17  0:59  Extractor  
  17  1:01  Drone  
  17  1:11  Drone  
  18  1:25  Queen, Zergling x2  
  19  1:32  Overlord  
  21  1:44  Roach Warren  
  21  1:54  Zergling x4  
  22  2:03  Spine Crawler  
Tags
 
Add a new tag
Caveats
  • Supply blocks, unpowered buildings, or Contaminate may cause inaccurate times.
  • Supply counts are checked every 10 seconds.